 Dungeon Crawl Stone Soup version 0.29-a0-857-g9b1aa3ac5b (webtiles) character file.

Game seed: 1506284310105542632

1095 xian the Skirmisher (level 8, -4/36 (40) HPs)
             Began as a Spriggan Hunter on July 16, 2022.
             Slain by a wight
             ... wielding a +2 falchion
              (5 damage)
             ... on level 5 of the Dungeon.
             The game lasted 00:13:51 (5087 turns).

xian the Skirmisher (Spriggan Hunter)               Turns: 5087, Time: 00:13:51

HP:   -4/36 (40)    AC: 11    Str:  7    XL:     8   Next: 10%
MP:   9/9           EV: 19    Int: 15    God:
Gold: 223           SH:  0    Dex: 20    Spells: 7/7 levels left

rFire   + + +      SeeInvis +   v - +4 morningstar (protect)
rCold   x . .      Faith    .   (no shield)
rNeg    . . .      Spirit   .   o - +1 robe of Ducoegg {-Tele rPois rF+++ Int+4}
rPois   +          Reflect  .   (helmet restricted)
rElec   .          Harm     .   g - +0 cloak
rCorr   .          Rampage  .   (gloves unavailable)
Will    +....      NoTele   +   (boots unavailable)
Stlth   ++........              (no amulet)
HPRegen 0.12/turn               p - ring of protection from fire
MPRegen 0.11/turn               w - ring of fire

@: under a protective aura, heavily drained, very quick
A: very small, no large weapons, unfitting armour, see invisible, speed 3
a: no special abilities


You were on level 5 of the Dungeon.
You visited 1 branch of the dungeon, and saw 6 of its levels.

You collected 223 gold pieces.

Inventory:

Hand Weapons
 a - a +0 shortbow
 u - the +5 battleaxe "Embalmer" {freeze, rPois rF+ Int-4}
   (You found it on level 4 of the Dungeon)

   It freezes those it strikes, dealing additional cold damage.
   It can also slow down cold-blooded creatures.
   Int:       It affects your intelligence (-4).
   rF:        It protects you from fire.
   rPois:     It protects you from poison.
 v - a +4 morningstar of protection (weapon)
Missiles
 r - 8 poisoned darts
Armour
 g - a +0 cloak (worn)
 o - the +1 robe of Ducoegg (worn) {-Tele rPois rF+++ Int+4}
   (You found it on level 2 of the Dungeon)

   Int:       It affects your intelligence (+4).
   rF:        It renders you almost immune to fire.
   rPois:     It protects you from poison.
   -Tele:     It prevents most forms of teleportation.
Jewellery
 p - a ring of protection from fire (left hand)
 w - a ring of fire (right hand)
Wands
 j - a wand of polymorph (6)
 q - a wand of charming (5)
Scrolls
 b - 2 scrolls of immolation
 d - 3 scrolls of torment
 e - a scroll of enchant armour {unknown}
 h - a scroll of poison {unknown}
 i - 2 scrolls of teleportation
Potions
 c - a potion of might
 f - 2 potions of ambrosia
 k - 3 potions of lignification
 l - a potion of heal wounds
 m - 2 potions of mutation {unknown}
 n - a potion of degeneration {unknown}
 s - a potion of berserk rage {unknown}
 t - a potion of haste {unknown}


   Skills:
 + Level 3.5 Fighting
 + Level 0.3(0.4) Axes
 + Level 0.2(0.3) Maces & Flails
 + Level 9.1 Ranged Weapons
 + Level 4.0 Dodging
 + Level 2.6 Stealth


You had 7 spell levels left.
You didn't know any spells.
Your spell library contained the following spells:

 Spells                   Type           Power      Damage    Failure   Level
 Beastly Appendage        Tmut           0%         N/A       26%         1
 Magic Dart               Conj           0%         1d3       26%         1
 Necrotise                Necr           0%         1d4       26%         1
 Shock                    Conj/Air       0%         1d3       26%         1
 Sting                    Tmut/Pois      0%         1d3       26%         1
 Poisonous Vapours        Pois/Air       0%         N/A       38%         2
 Searing Ray              Conj           0%         2d4       38%         2
 Wereblood                Tmut           0%         N/A       38%         2
 Spider Form              Tmut/Pois      0%         N/A       63%         3
 Stone Arrow              Conj/Erth      0%         3d7       63%         3
 Swiftness                Air            0%         N/A       63%         3
 Vampiric Draining        Necr           0%         2d6       63%         3
 Airstrike                Air            0%         0-1+      95%         4
 Animate Armour           Summ/Erth      0%         N/A       95%         4
 Fulminant Prism          Conj/Hex       0%         3d6       95%         4
 Olgreb's Toxic Radiance  Pois           0%         N/A       95%         4
 Agony                    Necr           0%         N/A       100%        5
 Lehudib's Crystal Spear  Conj/Erth      0%         10d2      100%        8


Dungeon Overview and Level Annotations

Branches:
Dungeon (6/15)
 Temple: D:4-7

Altars:
Cheibriados
Elyvilon
Ru
Sif Muna
Vehumet
The Shining One


Innate Abilities, Weirdness & Mutations

You are very small and have problems with some larger weapons.
You are too small for most types of armour.
You have supernaturally acute eyesight. (SInv)
You cover ground extremely quickly. (Speed+++)


Message History

Found a stone staircase leading up.
Found a chain mail.
There is a stone staircase leading up here.
w - a ring of fire
p - a ring of protection from fire (left hand)
You feel more attuned to fire.
w - a ring of fire (right hand)
You open the door.
There is an open door here.
You see here a +0 quarterstaff.
Done exploring.
Done exploring.
There is a stone staircase leading down here.
You climb downwards.
Found 5 stones.
There is a stone staircase leading up here.
The wight barely misses you.
You climb upwards.
There is a stone staircase leading down here.
You climb downwards.
The wight hits you with a +2 falchion!
You feel drained.
There is a stone staircase leading up, spattered with blood here.
The wight barely misses you. x2; The wight closely misses you.
You climb upwards.
There is a stone staircase leading down here.
Your +4 morningstar of protection hums with potential!
v - a +4 morningstar of protection (weapon)
The wight hits you with a +0 mace. The wight barely misses you.
You sock the wight!
Your weapon exudes an aura of protection.
The wight is heavily damaged.
The wight hits you but does no damage. The wight misses you.
You hit the wight.
The wight is severely damaged.
The wight misses you. The wight hits you with a +2 falchion!
The wight hits you with a +0 mace!
* * * LOW HITPOINT WARNING * * *
You feel drained.
* * * LOW HITPOINT WARNING * * *
The wight hits you with a +2 falchion.
You die...

############## #......#......
###### #.####.#.##### .....#
####.# #.#.# .###.#
##.##.####.#.##### ..##.### ###
#.#......#.#......
.#.....###.######z##.##.#.#.###.#
..##...........z@.##.##.#.#.###.#
..##...#.....######..............
<....####...## #.......#.###..
...### ##.## #.###.###.# ### #..#
#.# #.# #.# #.##### #..# #.# #.#
#.# #...... ...# ##+##
#.###.###.##### ...######...##
#.........# ...##........##
#####.#####


You could see 2 wights.

Vanquished Creatures
  Sigmund (D:2)
  An ice beast (D:5)
  An ogre (D:5)
  A phantom (D:4)
  3 scorpions
  A howler monkey (D:5)
  3 hounds
  2 orc priests (D:5)
  An iguana (D:5)
  Ijyb (D:5)
  Terence (D:2)
  2 orc wizards (D:3)
  Natasha (D:2)
  6 adders
  A shadow imp (D:5)
  A worm (D:5)
  2 dart slugs (D:1)
  6 orcs
  8 bats
  11 endoplasms
  5 giant cockroaches
  8 goblins
  5 hobgoblins
  6 jackals
  2 quokkas
  7 ball pythons
  6 frilled lizards
  9 kobolds
  7 rats
109 creatures vanquished.

Notes
Turn   | Place    | Note
-------+----------+-------------------------------------------
     0 | D:1      | xian the Spriggan Hunter began the quest for the Orb.
     0 | D:1      | Reached XP level 1. HP: 10/10 MP: 2/2
   252 | D:1      | Reached XP level 2. HP: 13/14 MP: 3/3
   520 | D:1      | Reached XP level 3. HP: 18/18 MP: 4/4
   807 | D:1      | Reached skill level 5 in Ranged Weapons
  1167 | D:2      | Noticed Sigmund
  1172 | D:2      | Killed Sigmund
  1173 | D:2      | Reached skill level 6 in Ranged Weapons
  1173 | D:2      | Reached XP level 4. HP: 16/23 MP: 5/5
  1173 | D:2      | Reached XP level 5. HP: 19/27 MP: 6/6
  1422 | D:2      | Noticed Natasha
  1429 | D:2      | Killed Natasha
  1648 | D:2      | Noticed Terence
  1685 | D:2      | Killed Terence
  1686 | D:2      | Reached XP level 6. HP: 26/32 MP: 7/7
  1944 | D:2      | Found a faded altar of an unknown god.
  1948 | D:2      | Identified the +1 robe of Ducoegg {-Tele rPois rF+++ Int+4}
  2379 | D:3      | Found a shimmering blue altar of Sif Muna.
  2999 | D:4      | Reached skill level 7 in Ranged Weapons
  3719 | D:4      | Reached XP level 7. HP: 31/36 MP: 8/8
  3810 | D:4      | Identified the +5 battleaxe "Embalmer" {freeze, rPois rF+
                  | Int-4}
  3857 | D:5      | Entered Level 5 of the Dungeon
  3914 | D:5      | HP: 1/36 [orc priest/divine providence (10)]
  4083 | D:5      | Reached skill level 8 in Ranged Weapons
  4354 | D:5      | Found a sacrificial altar of Ru.
  4482 | D:5      | Noticed Ijyb
  4509 | D:5      | Killed Ijyb
  4738 | D:5      | Found a white marble altar of Elyvilon.
  4741 | D:5      | Found a radiant altar of Vehumet.
  4749 | D:5      | Found a snail-covered altar of Cheibriados.
  4752 | D:5      | Found a glowing golden altar of the Shining One.
  4829 | D:5      | Reached skill level 9 in Ranged Weapons
  4829 | D:5      | Reached XP level 8. HP: 40/40 MP: 9/9
  5087 | D:5      | HP: 1/36 [wight/+0 mace (3)]
  5087 | D:5      | Slain by a wight

Illustrated notes

Levels and vault maps discovered:
D:1:      noname_arrival_rooms_in_the_neighbourhood, layout_rooms,
          corexii_corridor_pit, minmay_crystal_water, minmay_split_cup_large
D:2:      layout_basic, serial_curves, eino_curves_02, eino_curves_04,
          chequers_ecumenical_altar_grove, minmay_misc_feat_tower, uniq_terence,
          uniq_sigmund, uniq_natasha
D:3:      layout_basic, led_sif_book, hangedman_decor_diamond_cutter,
          kennysheep_nondescript, minmay_misc_feat_chi
D:4:      layout_basic, dreamdust_mushroom_princess
D:5:      layout_loops_corners, hangedman_ru_absence,
          grunt_temple_overflow_cloverleaf, uniq_ijyb
D:6:      layout_basic, mainiacjoe_overflow_surrounded_room,
          grunt_gozag_statues, nicolae_qazlal_scattered_showers,
          minmay_temple_entry_hall, gammafunk_ghost_necromancy,
          uniq_crazy_yiuf_cottage, uniq_grinder, uniq_prince_ribbit1,
          uniq_duvessa

Skill      XL: |  1  2  3  4  5  6  7  8 |
---------------+-------------------------+-----
Ranged Weapons | 6 7 9 |  9.1
Fighting       | 2 3 |  3.5
Dodging        | 3 4 |  4.0
Stealth        | 2 |  2.6
Axes           | |  0.3
Maces & Flails | |  0.2

Action                   |  1- 3 |  4- 6 |  7- 9 || total
-------------------------+-------+-------+-------++-------
Melee: War axe           |       |     1 |     5 ||     6
       Morningstar       |       |       |     8 ||     8
 Fire: Shortbow          |    93 |   139 |    86 ||   318
  Use: Scroll            |     4 |     1 |       ||     5
       Potion            |       |       |     2 ||     2
Armor: Robe              |     5 |     3 |     2 ||    10
       Skin              |       |       |     7 ||     7
Dodge: Dodged            |    39 |    28 |    28 ||    95

Table legend: (Time is in decaauts)
 A = Elapsed time spent in this place.
 B = Non-inter-level travel time spent in this place.
 C = Inter-level travel time spent in this place.
 D = Time resting spent in this place.
 E = Time spent auto-exploring this place.
 F = Levels seen in this place.
 G = Mean time per level.
                   A        B        C        D        E       F      G
               +--------+--------+--------+--------+--------+-----+--------+
         Total |   3817 |   3633 |    184 |      9 |   2807 |   6 |  636.2 |
       Dungeon |   3817 |   3633 |    184 |      9 |   2807 |   6 |  636.2 |
               +--------+--------+--------+--------+--------+-----+--------+

Top non-repeatable levels by time:
     D:5: 893 daAuts
     D:2: 892 daAuts
     D:1: 802 daAuts
     D:4: 747 daAuts
     D:3: 477 daAuts
     D:6: 4 daAuts
